 Dungeon Crawl Stone Soup version 0.29-a0-362-g5854e031c7 (webtiles) character file.

Game seed: 1687828574979870235

25 oldriver the Skirmisher (level 2, -6/25 HPs)
             Began as a Palentonga Abyssal Knight on Apr 30, 2022.
             Was a Believer of Lugonu.
             Mangled by a worm (10 damage)
             ... on level 2 of the Dungeon.
             The game lasted 00:01:28 (1354 turns).

oldriver the Skirmisher (Palentonga Abyssal Knight) Turns: 1354, Time: 00:01:28

Health: -6/25      AC:  4    Str: 16    XL:     2   Next: 82%
Magic:  3/3        EV:  9    Int: 10    God:    Lugonu [**....]
Gold:   37         SH:  0    Dex: 10    Spells: 1/1 levels left

rFire   . . .      SeeInvis +   a - +1 hand axe
rCold   . . .      Faith    .   (no shield)
rNeg    . . .      Spirit   .   b - +0 leather armour
rPois   .          Reflect  .   (no helmet)
rElec   .          Harm     .   (no cloak)
rCorr   .          Rampage  .   (no gloves)
Will    .....                   (no barding)
Stlth   +.........              (no amulet)
HPRegen 0.08/turn               (no ring)
MPRegen 0.08/turn               (no ring)

@: no status effects
A: large, rugged brown scales 3, see invisible, deformed body, roll 1, armoured
tail
a: Rolling Charge, Renounce Religion, Depart the Abyss, Bend Space


You were on level 2 of the Dungeon.
You worshipped Lugonu.
Lugonu was pleased with you.
You visited 1 branch of the dungeon, and saw 2 of its levels.
You visited the Abyss 1 time.

You collected 37 gold pieces.

Inventory:

Hand Weapons
 a - a +1 hand axe (weapon)
Armour
 b - a +0 leather armour (worn)
Scrolls
 c - 4 scrolls of identify
 d - 2 scrolls of teleportation {unknown}
 e - a scroll of torment


   Skills:
 * Level 3.6 Fighting
 * Level 2.7 Axes
 - Level 1.5 Armour
 - Level 0.7 Dodging
 - Level 2.0 Invocations


You had one spell level left.
You didn't know any spells.
Your spell library contained the following spells:

 Spells                   Type           Power      Damage    Failure   Level
 Shock                    Conj/Air       0%         1d3       43%         1
 Swiftness                Air            0%         N/A       80%         3
 Airstrike                Air            0%         N/A       99%         4


Dungeon Overview and Level Annotations

Branches:
Dungeon (2/15)

Altars:

Shops:
D:2 ![


Innate Abilities, Weirdness & Mutations

You are completely covered in rugged brown scales. (AC +3, +7% HP)
You have supernaturally acute eyesight. (SInv)
Armour fits poorly on your strangely shaped body.
You can roll at nearby foes to attack.
You have a long armoured tail.


Message History

Lugonu accepts your kill.
No target in view!
You open the door.
There is an open door here.
There is an open door here.
A worm comes into view.
A worm is nearby!
The worm misses you. There's nothing you can charge at!
There's nothing you can charge at!
You hit the worm but do no damage.
You tail-slap the worm, but do no damage.
The worm bites you!
You hit the worm.
The worm is lightly wounded.
You hit the worm.
The worm is lightly wounded.
The worm closely misses you.
You hit the worm but do no damage.
The worm is lightly wounded.
The worm barely misses you.
You hit the worm.
The worm is lightly wounded.
You hit the worm. You tail-slap the worm.
The worm is moderately wounded.
The worm bites you.
You hit the worm.
The worm is heavily wounded.
The worm bites you.
You hit the worm but do no damage.
Your tail-slap misses the worm.
The worm is heavily wounded.
You hit the worm.
The worm is severely wounded.
The worm bites you!
* * * LOW HITPOINT WARNING * * *
You completely miss the worm.
You tail-slap the worm, but do no damage.
The worm is severely wounded.
The worm bites you!
You die...

#.#.##########.# #.# #.#
#####.#.#........#.###.#
#.#
+...[......<.....>.....#
#.#
#####.#.#.#######..#####
#.# #.#.#..........# #.#
#####.#.#########.###
#.# ............... ....
#.#
#####.#...#######.####.#
#.#
......#...#....w@....#.#
#.#
.######...#.#####..###.#
#.# .^..............#..#
#.# #.#
.#######..#.###.#..# #.#
#.# #..#.##.....#
#.#.#.#.# #<....#.#..##
#.#.#.#.#
#..#..#.#..####.#.#.#.#
#..#..#.#.....#.#.#.#.#
#..# .#.......'.#.#.#.#


You could see a worm.

Vanquished Creatures
  A dart slug (D:1)
  5 bats (D:1)
  A giant cockroach (D:1)
  3 hobgoblins (D:1)
  A jackal (D:2)
  A quokka (D:1)
  3 ball pythons (D:1)
  2 frilled lizards (D:1)
  2 kobolds (D:1)
  3 rats (D:1)
22 creatures vanquished.

Vanquished Creatures (others)
  3 demonic plants (D:1)
  3 fungi (D:1)
  2 plants (D:1)
8 creatures vanquished.

Grand Total: 30 creatures vanquished

Notes
Turn   | Place    | Note
-------+----------+-------------------------------------------
     0 | Abyss:1  | oldriver the Palentonga Abyssal Knight began the quest for
                  | the Orb.
     0 | Abyss:1  | Reached XP level 1. HP: 19/19 MP: 2/2
    69 | Abyss:1  | Noticed a thrashing horror
    69 | Abyss:1  | Noticed a chaos spawn
    70 | D:1      | Escaped the Abyss
   230 | D:1      | Found a faded altar of an unknown god.
   343 | D:1      | Reached XP level 2. HP: 25/25 MP: 3/3
  1243 | D:2      | Found Roilut's Distillery.
  1293 | D:2      | Found Doch's Armour Shoppe.
  1354 | D:2      | Mangled by a worm

Illustrated notes

Levels and vault maps discovered:
D:1:      ebering_trefoil_twist, layout_loops_corners,
          shapermc_ecumenical_altar_gd
D:2:      layout_basic, serial_shops, nicolae_shop_waterfront, shop, shop_coins,
          shop, shop

Action                   || total
-------------------------++-------
Melee: Hand axe          ||    68
       Tailslap          ||     7
Invok: Depart the Abyss  ||     1
 Abil: Rolling Charge    ||    11
  Use: Scroll            ||     1
Armor: Leather armour    ||    30
Dodge: Dodged            ||    24

Table legend: (Time is in decaauts)
 A = Elapsed time spent in this place.
 B = Non-inter-level travel time spent in this place.
 C = Inter-level travel time spent in this place.
 D = Time resting spent in this place.
 E = Time spent auto-exploring this place.
 F = Levels seen in this place.
 G = Mean time per level.
                   A        B        C        D        E       F      G
               +--------+--------+--------+--------+--------+-----+--------+
         Total |   1365 |   1347 |     18 |      0 |   1103 |   3 |  455.0 |
       Dungeon |   1295 |   1277 |     18 |      0 |   1103 |   2 |  647.5 |
         Abyss |     70 |     70 |      0 |      0 |      0 |   1 |   70.0 |
               +--------+--------+--------+--------+--------+-----+--------+

Top non-repeatable levels by time:
     D:1: 1155 daAuts
     D:2: 140 daAuts
 Abyss:1: 70 daAuts
